 Dungeon Sprint DCSS version 0.22-a0-422-g9628fc8 (webtiles) character file.

81 Kidiri the Covert (level 4, -2/21 (23) HPs)
             Began as a Spriggan Assassin on May 23, 2018.
             Slain by a necrophage (6 damage)
             ... in the Dungeon (Sprint II: "The Violet Keep of Menkaure").
             The game lasted 00:00:14 (15 turns).

Kidiri the Covert (Spriggan Assassin)                 Turns: 15, Time: 00:00:14

HP:   -2/21 (23)    AC:  3    Str:  7    XL:     4   Next: 19%
MP:   5/5           EV: 17    Int: 12    God:
Gold: 0             SH:  0    Dex: 18    Spells: 3/3 levels left

rFire    . . .     SeeInvis +   a - +2 dagger
rCold    . . .     Gourm    .   (shield restricted)
rNeg     . . .     Faith    .   c - +0 robe
rPois    .         Spirit   .   (helmet restricted)
rElec    .         Reflect  .   d - +0 cloak
rCorr    .         Harm     .   (gloves unavailable)
MR       .....     NoTele   +   (boots unavailable)
Stlth    +++++.....             (no amulet)
HPRegen  0.00/turn              (no ring)
MPRegen  0.09/turn              (no ring)

@: non-regenerating, diseased, very quick
A: very small, unfitting armour, see invisible, herbivore, speed 3, slow
metabolism 2
a: no special abilities


You were in the Dungeon.
You were not hungry.

You visited 1 branch

Inventory:

Hand Weapons
 a - a +2 dagger (weapon)
 b - a +0 blowgun
Missiles
 e - 8 poisoned needles
 f - 2 curare-tipped needles
Armour
 c - a +0 robe (worn)
 d - a +0 cloak (worn)
Scrolls
 m - a scroll of blinking
Potions
 h - a potion of curing
 i - a potion of heal wounds
 j - a potion of haste
 k - 2 potions of magic
 l - a potion of berserk rage
Comestibles
 g - a ration


   Skills:
 + Level 2.5 Fighting
 + Level 3.3 Short Blades
 + Level 3.1 Throwing
 + Level 1.9 Dodging
 + Level 12.0 Stealth


You had 3 spell levels left.
You didn't know any spells.
Your spell library was empty.

Dungeon Overview and Level Annotations

Branches:
Dungeon (1/1)

Altars:


Innate Abilities, Weirdness & Mutations

You are very small and have problems with some larger weapons.
You are too small for most types of armour.
You have supernaturally acute eyesight. (SInv)
You are a herbivore.
You cover ground extremely quickly.
You need to consume almost no food.


Message History

The necrophage is lightly damaged.
The necrophage hits you but does no damage.
You hit the necrophage but do no damage.
The necrophage is lightly damaged.
The necrophage hits you.
You feel your flesh rotting away!
You hit the necrophage but do no damage.
The necrophage is lightly damaged.
The necrophage hits you!
* * * LOW HITPOINT WARNING * * *
You feel ill.
You feel your flesh rotting away! The necrophage closely misses you.
You hit the necrophage.
The necrophage is moderately damaged.
The necrophage misses you. The necrophage closely misses you.
You barely miss the necrophage.
The necrophage is moderately damaged.
The necrophage hits you.
* * * LOW HITPOINT WARNING * * *
The necrophage hits you.
You die...

##+##
##@#.##
#nn#..#
##n$.#
##'##
##.##
+.<.+
##.##
#+#


You could see 3 necrophages.

Vanquished Creatures
  A necrophage (D)
1 creature vanquished.

Notes
Turn   | Place    | Note
-------+----------+-------------------------------------------
     0 | D        | Kidiri the Spriggan Assassin began the quest for the Orb.
     0 | D        | Reached XP level 1. HP: 10/10 MP: 2/2
     3 | D        | Noticed a necrophage
     3 | D        | Noticed a necrophage
     3 | D        | Noticed a necrophage
     3 | D        | Noticed a necrophage
     6 | D        | Killed a necrophage
     6 | D        | Reached skill level 12 in Stealth
     6 | D        | Reached XP level 2. HP: 16/16 MP: 3/3
     6 | D        | Reached XP level 3. HP: 19/19 MP: 4/4
     6 | D        | Reached XP level 4. HP: 23/23 MP: 5/5
    15 | D        | Slain by a necrophage

Vault maps used:
D:        the_violet_keep_of_menkaure

Skill      XL: |  1 |
---------------+----+-----
Fighting       | 2 |  2.5
Short Blades   | 3 |  3.3
Throwing       | 3 |  3.1
Stealth        | 12 | 12.0
Dodging        | |  1.9

Action                   |  1- 3 |  4- 6 || total
-------------------------+-------+-------++-------
Melee: Dagger            |     1 |     7 ||     8
 Stab: Sleeping          |     1 |       ||     1
Armor: Robe              |       |     1 ||     1
Dodge: Dodged            |       |     7 ||     7

Table legend:
 A = Spawn XP
 B = Non-spawn XP
 C = Spawn XP percentage of total XP
 D = Spawn monster count
 E = Non-spawn monster count
 F = Spawn count percentage of total count
 G = Total turns spent on level
                    A         B        C        D         E        F      G
               +---------+---------+-------+---------+---------+-------+---------
         Total |       0 |     116 |   0.0 |       0 |       1 |   0.0 |    15
               +---------+---------+-------+---------+---------+-------+---------
             D |       0 |     116 |   0.0 |       0 |       1 |   0.0 |    15
               +---------+---------+-------+---------+---------+-------+---------
